Map: Rainfall LE

Players

Kan - Winner!

  • Race: Zerg Zerg
  • League: Diamond

SiLVeRLeAF

  • Race: Terran Terran
  • League: Diamond

VOD

Have the link to the VOD?

Description

Time

  • Played on: Aug. 13, 2026, 2:34 p.m.
  • Length: 12:58
Show
View Real Time Build Order
Export as new Build Order

Kan Zerg - Winner!

Build Orders: Hatch First 

Get SALT Encoding   

  8  0:00  Drone  
  9  0:11  Drone  
  10  0:16  Drone  
  11  0:22  Drone  
  12  0:32  Overlord  
  12  0:42  Extractor, Drone  
  13  0:52  Drone x2  
  15  1:13  Hatchery  
  15  1:17  Drone  
  15  1:20  Drone  
  15  1:24  Drone  
  17  1:39  Spawning Pool  
  16  1:41  Drone  
  16  1:45  Extractor  
  16  1:47  Drone  
  16  1:51  Drone  
  18  2:01  Drone  
  19  2:10  Overlord  
  19  2:26  Queen x2, Drone  
  24  2:30  Zergling x2  
  24  2:32  Zergling x2  
  26  2:40  Drone  
  26  2:41  Drone  
  28  2:48  Drone  
  28  2:50  Metabolic Boost  
  29  2:53  Drone  
  30  2:59  Overlord  
  30  3:04  Spore Crawler  
  30  3:15  Drone x2  
  32  3:24  Drone x2  
  32  3:25  Overlord  
  34  3:31  Hatchery  
  33  3:36  Drone x2  
  33  3:37  Drone  
  36  3:44  Queen  
  36  3:48  Drone x3  
  41  3:52  Drone x2  
  43  4:00  Overlord  
  43  4:03  Overlord  
  43  4:09  Roach Warren  
  42  4:10  Lair  
  42  4:13  Drone  
  42  4:15  Drone x2  
  45  4:20  Extractor x2  
  43  4:24  Drone x3  
  43  4:25  Drone  
  47  4:32  Evolution Chamber  
  47  4:35  Overlord x2  
  46  4:44  Pneumatized Carapace  
  46  4:47  Drone x3  
  49  4:57  Spore Crawler  
  49  4:58  Spore Crawler  
  47  5:02  Drone x2  
  47  5:04  Drone x5  
  47  5:06  Drone  
  55  5:12  Drone x3, Spore Crawler  
  55  5:13  Drone  
  58  5:19  Overlord  
  58  5:24  Drone x3  
  58  5:27  Drone x2  
  63  5:30  Zerg Missile Weapons Level 1  
  63  5:31  Glial Reconstitution  
  63  5:34  Overseer  
  63  5:45  Drone  
  63  5:49  Drone x2  
  66  5:51  Overlord x2  
  66  5:53  Roach  
  66  5:54  Roach  
  70  6:01  Hatchery, Roach  
  70  6:02  Roach x3  
  70  6:03  Roach  
  79  6:05  Roach  
  81  6:18  Queen x2, Spire  
  81  6:19  Extractor  
  81  6:24  Spore Crawler  
  82  6:27  Spore Crawler  
  82  6:28  Spore Crawler  
  82  6:29  Queen  
  82  6:32  Extractor x2  
  81  6:34  Drone x3  
  81  6:36  Drone x3  
  81  6:37  Drone  
  81  6:38  Drone  
  81  6:39  Drone  
  89  6:45  Roach x3  
  95  6:49  Zergling x2  
  95  6:50  Zergling x4  
  95  6:51  Overlord  
  98  6:55  Overlord  
  98  6:58  Overlord  
  98  7:01  Overlord  
  96  7:08  Overlord  
  96  7:10  Roach x4  
  96  7:12  Roach  
  106  7:26  Corruptor x3  
  106  7:27  Corruptor  
  114  7:31  Corruptor  
  116  7:51  Hatchery  
  116  7:52  Corruptor x3  
  116  7:55  Overlord  
  121  8:11  Zerg Missile Weapons Level 2  
  121  8:13  Drone x2  
  121  8:14  Drone x2  
  121  8:16  Overlord  
  121  8:19  Drone  
  126  8:22  Hatchery  
  126  8:24  Overseer  
  125  8:29  Ravager x6  
  125  8:33  Overlord x3  
  125  8:34  Overlord  
  131  8:40  Ravager  
  131  8:41  Ravager x5  
  137  8:42  Roach  
  139  8:58  Zergling x26  
  139  9:00  Roach x3  
  158  9:03  Ravager  
  158  9:04  Ravager x3  
  158  9:06  Overlord  
  162  9:14  Roach x5  
  162  9:17  Overlord  
  172  9:18  Overlord  
  172  9:21  Overlord  
  172  9:24  Overlord  
  172  9:35  Roach  
  172  9:36  Roach x5  
  180  9:50  Roach x8  
  180  9:51  Roach  
  167  10:04  Roach x7  
  181  10:17  Drone  
  181  10:18  Drone x10  
  192  10:22  Roach x2  
  192  10:23  Roach  
  192  10:26  Drone  
  192  10:27  Drone  
  200  10:32  Infestation Pit  
  195  10:39  Drone x4  
  185  10:52  Corruptor x5  
  183  10:58  Roach x4  
  171  11:08  Roach  
  171  11:09  Roach x7  
  174  11:13  Corruptor  
  174  11:14  Corruptor  
  142  11:32  Roach x7  
  156  11:33  Roach x6  
  156  11:34  Corruptor  
  156  11:37  Corruptor  
  158  11:41  Ravager x2  
  158  11:42  Ravager  
  161  11:47  Extractor  
  161  11:51  Ravager x2  
  161  11:53  Zergling x30  
  177  12:02  Ravager x2  
  177  12:07  Zergling x28  
  193  12:20  Zergling x14  
Show
View Real Time Build Order
Export as new Build Order

SiLVeRLeAF Terran 

Build Orders: Reaper Expand 

Get SALT Encoding   

  8  0:00  SCV  
  9  0:14  SCV  
  10  0:26  SCV  
  11  0:31  Supply Depot  
  11  0:38  SCV  
  12  0:50  SCV  
  13  0:59  Barracks  
  13  1:03  SCV  
  14  1:10  Refinery  
  14  1:15  SCV  
  15  1:27  SCV  
  16  1:39  SCV  
  17  1:51  SCV  
  17  1:53  Reaper  
  19  1:58  Command Center  
  19  2:03  SCV  
  20  2:15  SCV  
  21  2:19  Supply Depot  
  21  2:32  Barracks Reactor  
  21  2:35  Orbital Command  
  21  2:48  Factory  
  21  3:12  Orbital Command  
  21  3:15  Command Center  
  21  3:17  SCV  
  22  3:27  Supply Depot  
  22  3:29  SCV  
  23  3:39  Marine  
  24  3:41  SCV  
  24  3:44  SCV  
  26  3:50  Bunker, Starport  
  26  3:53  Refinery  
  26  3:54  SCV  
  27  4:02  Marine  
  28  4:06  SCV  
  28  4:07  SCV  
  30  4:18  SCV  
  30  4:22  SCV  
  32  4:29  SCV  
  32  4:30  SCV  
  34  4:33  Viking  
  34  4:34  SCV  
  34  4:37  Fusion Core  
  37  4:39  Hellion x2  
  37  4:41  Marine, SCV  
  37  4:42  SCV  
  44  4:46  SCV  
  44  4:48  Refinery  
  44  4:52  Refinery  
  45  4:53  SCV  
  45  4:58  SCV  
  47  5:02  SCV  
  47  5:04  Starport Tech Lab  
  48  5:10  SCV  
  48  5:12  SCV  
  50  5:17  Engineering Bay  
  50  5:19  SCV  
  51  5:22  SCV  
  51  5:24  SCV  
  53  5:30  Battlecruiser  
  53  5:31  SCV  
  53  5:34  SCV  
  61  5:36  SCV  
  62  5:43  SCV  
  62  5:45  Hellion x2  
  67  5:50  Supply Depot  
  67  5:52  Supply Depot x2  
  67  5:53  Supply Depot  
  67  5:55  Weapon Refit  
  67  6:06  Supply Depot, Hellion x2  
  71  6:28  Hellion x2  
  71  6:29  Supply Depot, Planetary Fortress  
  75  6:39  Factory  
  75  6:41  Factory  
  75  6:51  Supply Depot  
  75  6:56  Armory  
  75  6:57  Armory  
  75  6:59  Command Center  
  75  7:08  SCV x3  
  78  7:20  SCV x3  
  81  7:28  Hellion x2  
  81  7:29  Factory Tech Lab x2  
  85  7:32  SCV x3  
  89  7:44  SCV x3  
  89  7:49  Hellion  
  93  7:56  SCV  
  94  7:59  Hellion  
  96  8:06  Missile Turret  
  96  8:08  Missile Turret  
  96  8:11  Missile Turret  
  96  8:12  Missile Turret  
  94  8:16  Battlecruiser  
  94  8:17  Terran Vehicle And Ship Armor Level 1, Missile Turret x2  
  100  8:25  SCV x3  
  103  8:31  Missile Turret  
  103  8:34  Infernal Pre-Igniter, Missile Turret, Smart Servos  
  103  8:36  Siege Tank  
  103  8:37  SCV x3, Siege Tank  
  112  8:43  Refinery  
  112  8:44  Neosteel Armor  
  112  8:49  SCV, Refinery  
  112  8:54  Missile Turret  
  113  8:55  Missile Turret  
  113  8:58  Factory  
  113  8:59  Factory  
  113  9:00  Terran Vehicle Weapons Level 1  
  113  9:01  Factory  
  113  9:04  Widow Mine x2, Factory  
  117  9:25  Widow Mine x2  
  121  9:36  SCV x3, Missile Turret  
  121  9:37  Missile Turret x2  
  122  9:47  Widow Mine x2, Missile Turret  
  122  9:48  SCV x3  
  112  9:58  Siege Tank x2  
  112  9:59  Hellion x3  
  111  10:00  Hellion, SCV x3  
  112  10:08  Widow Mine x2  
  112  10:12  SCV x2  
  118  10:20  Hellion  
  118  10:21  Hellion x3  
  126  10:29  Hellion x2  
  126  10:30  Siege Tank x2  
  136  10:42  Hellion, Widow Mine x3  
  122  10:53  Hellion x2  
  113  11:03  Siege Tank  
  107  11:04  Siege Tank  
  90  11:12  Factory Tech Lab  
  90  11:13  Factory Tech Lab  
  90  11:14  Orbital Command  
  84  11:25  Factory Tech Lab x2  
  74  11:35  Siege Tank  
  74  11:36  Siege Tank  
  74  11:39  Drilling Claws  
  80  11:48  SCV x4  
  84  11:56  Supply Depot  
  84  11:59  Supply Depot  
  84  12:00  SCV x3  
  84  12:01  SCV, Missile Turret  
  88  12:02  Siege Tank  
  88  12:03  Siege Tank, Widow Mine  
  88  12:04  Widow Mine, Refinery x2, Hellion  
  100  12:12  Siege Tank x2, Hellion, SCV x2  
  100  12:13  SCV x2  
  112  12:21  Missile Turret  
  112  12:24  SCV x2  
  112  12:25  Missile Turret, SCV x2  
  116  12:36  SCV  
  106  12:37  SCV x2  
Tags
 
Add a new tag
Caveats
  • Supply blocks, unpowered buildings, or Contaminate may cause inaccurate times.
  • Supply counts are checked every 10 seconds.